 Dungeon Crawl Stone Soup version 0.26.0-16-gc1dbca0489 (webtiles) character file.

Game seed: 12811604146497558332

75912 teolandon225 the Unseen (level 15, -1/71 (72) HPs)
             Began as a Spriggan Enchanter on Jan 19, 2021.
             Was a High Priest of Dithmenos.
             Slain by a red ugly thing (17 damage)
             ... on level 14 of the Dungeon.
             The game lasted 01:18:48 (36858 turns).

teolandon225 the Unseen (Spriggan Enchanter)       Turns: 36858, Time: 01:18:48

HP:   -1/71 (72)    AC:  6    Str:  8    XL:     15   Next: 11%
MP:   19/23         EV: 35    Int: 22    God:    Dithmenos [*****.]
Gold: 2478          SH: 15    Dex: 18    Spells: 5/19 levels left

rFire    . . .     SeeInvis +   O - +1 dagger "Sagaiceo" {flame, rC+ Str+4 Stlth+} (curse)
rCold    + . .     Faith    .   R - +2 buckler
rNeg     . . .     Spirit   .   u - +2 robe {Archmagi}
rPois    .         Reflect  +   M - +2 hat
rElec    .         Harm     .   N - scarf {+Inv}
rCorr    .         Rampage  .   (gloves unavailable)
Will     +++..                  (boots unavailable) Stlth ***+++++++
                                C - amulet of reflection
HPRegen  0.21/turn              B - ring of willpower
MPRegen  0.18/turn              P - +4 ring of evasion

@: very slightly contaminated, wreathed by umbra, lightly drained, very quick
A: very small, unfitting armour, see invisible, speed 3
a: Renounce Religion, Evoke Invisibility, Shadow Step, Shadow Form


You were on level 14 of the Dungeon.
You worshipped Dithmenos.
Dithmenos was extremely pleased with you.
You visited 3 branches of the dungeon, and saw 21 of its levels.
You also visited: Ice Cave.

You collected 2478 gold pieces.

Inventory:

Hand Weapons
 b - a +0 lajatang of speed
 O - the cursed +1 dagger "Sagaiceo" (weapon) {flame, rC+ Str+4 Stlth+}
   (You found it on level 13 of the Dungeon)

   It has been specially enchanted to burn those struck by it, causing extra
   injury to most foes and up to half again as much damage against particularly
   susceptible opponents.
   It affects your strength (+4).
   It protects you from cold.
   It makes you more stealthy.
   It has a curse placed upon it.
Armour
 m - the +1 robe "Ceddyg" {Str+6 Slay-5}
   (You found it on level 10 of the Dungeon)

   It affects your strength (+6).
   It affects your accuracy and damage with ranged weapons and melee attacks
   (-5).
 u - a +2 robe of the Archmagi (worn)
 y - a +0 robe of cold resistance
 H - a scarf of resistance
 M - a +2 hat (worn)
 N - a scarf of invisibility (worn)
 R - a +2 buckler (worn)
Jewellery
 B - a ring of willpower (left hand)
 C - an amulet of reflection (around neck)
 F - an uncursed ring of wizardry
 P - a +4 ring of evasion (right hand)
 U - an uncursed ring of stealth
 V - an uncursed amulet of the acrobat
 W - an uncursed amulet of faith
 X - an uncursed ring of fire
Wands
 d - a wand of flame (19)
 g - a wand of polymorph (16)
 i - a wand of digging (17)
 k - a wand of enslavement (12)
 n - a wand of iceblast (11)
 z - a wand of paralysis (17)
 A - a wand of random effects (41)
 E - a wand of acid (30)
 K - a wand of disintegration (61)
Scrolls
 c - a scroll of fear
 h - 3 scrolls of fog
 j - 6 scrolls of teleportation
 o - 8 scrolls of remove curse
 s - 4 scrolls of amnesia
 D - 3 scrolls of magic mapping
 J - 4 scrolls of immolation
 L - 6 scrolls of identify
 S - 2 scrolls of enchant weapon
 Y - a scroll of blinking
Potions
 a - a potion of heal wounds
 e - 6 potions of attraction
 f - 7 potions of might
 l - 2 potions of resistance
 p - 5 potions of brilliance
 r - 4 potions of mutation
 t - 4 potions of cancellation
 w - a potion of berserk rage
 x - 3 potions of haste
 G - 2 potions of magic
 I - 5 potions of curing
 Z - a potion of ambrosia


   Skills:
 + Level 5.6 Fighting
 - Level 1.1 Short Blades
 * Level 2.1 Staves
 - Level 14.6 Dodging
 - Level 17.5 Stealth
 - Level 7.2 Shields
 - Level 2.6 Spellcasting
 - Level 14.5 Hexes
 - Level 8.1 Translocations
 + Level 9.4 Invocations
 - Level 12.1 Evocations


You had 5 spell levels left.
You knew the following spells:

 Your Spells              Type           Power        Failure   Level
a - Blink                 Tloc           N/A          1%          2
b - Apportation           Tloc           100%         1%          1
e - Tukima's Dance        Hex            79%          1%          3
q - Ensorcelled Hibernat  Hex/Ice        100%         1%          2
r - Dazzling Flash        Conj/Hex       100%         1%          3
w - Confusing Touch       Hex            79%          1%          3

Your spell library contained the following spells:

 Spells                   Type           Power        Failure   Level
 Corona                   Hex            87%          1%          1
 Slow                     Hex            79%          1%          2
 Inner Flame              Hex/Fire       51%          1%          3
 Lesser Beckoning         Tloc           27%          1%          3
 Foxfire                  Conj/Fire      16%          13%         1
 Magic Dart               Conj           16%          13%         1
 Sting                    Tmut/Pois      16%          13%         1
 Call Imp                 Summ           4%           19%         2
 Poisonous Vapours        Pois/Air       8%           19%         2
 Conjure Flame            Conj/Fire      4%           36%         3
 Ignite Poison            Fire/Tmut/Pois 4%           36%         3
 Mephitic Cloud           Conj/Pois/Air  4%           36%         3
 Olgreb's Toxic Radiance  Pois           4%           77%         4
 Sticky Flame             Conj/Fire      4%           77%         4
 Alistair's Intoxication  Tmut/Pois      2%           98%         5
 Fireball                 Conj/Fire      2%           98%         5
 Invisibility             Hex            79%          4%          6
 Freezing Cloud           Conj/Ice/Air   2%           100%        6


Dungeon Overview and Level Annotations

Branches:
Dungeon (14/15)            Temple (1/1) D:7            Lair (6/6) D:11
  Swamp (0/4) Lair:3        Snake (0/4) Lair:4        Slime (0/5) Lair:6
    Orc (0/2) D:9           IceCv (visited)
 Vaults: D:13-14

Altars:
Ashenzari
Cheibriados
Dithmenos
Elyvilon
Fedhas
Gozag
Hepliaklqana
Kikubaaqudgha
Makhleb
Nemelex Xobeh
Okawaru
Qazlal
Ru
Sif Muna
Trog
Uskayaw
Vehumet
Wu Jian
Xom
Yredelemnul
Zin
The Shining One
Jiyva

Shops:
D:9 ([

Annotations:
D:3 3 runed translucent doors, howech's ghost, amateur MiGl
D:6 exclusions: downstairs and oklob plant
D:7 exclusion: downstairs
Lair:4 exclusion: downstairs
Lair:5 1 runed translucent door, Sweeb's ghost, journeyman DsGl


Innate Abilities, Weirdness & Mutations

You are very small and have problems with some larger weapons.
You are too small for most types of armour.
You have supernaturally acute eyesight. (SInv)
You cover ground extremely quickly.


Message History

The red ugly thing stings you!
You are engulfed in flames!!
The white ugly thing completely misses you.
You hit the red ugly thing but do no damage.
The red ugly thing appears confused.
The red ugly thing is heavily wounded.
You hit the red ugly thing but do no damage.
The red ugly thing is heavily wounded.
Your shadow barely misses the red ugly thing.
The white ugly thing basks in your mutagenic energy and changes!
Unknown command.
You hit the red ugly thing.
The red ugly thing is heavily wounded.
You hit the red ugly thing.
The red ugly thing is heavily wounded.
You hit the red ugly thing but do no damage.
The red ugly thing is heavily wounded.
The red ugly thing closely misses you. The red ugly thing pecks you!
* * * LOW HITPOINT WARNING * * *
You are engulfed in flames!
You die...

######### #.......#
#.......#########
#.......#.......########
#.......#...###.........
#[....u@#...############
#......†u.........
#[......##.#######
#.......##.# #
#####'####.# # #. #.# #
#. #.# # #. ### ## # #.
..#


You could see 2 ugly things.

Vanquished Creatures
  Agnes (D:14)
  Frances (D:13)
  Snorg (D:12)
  2 ice dragons (IceCv)
  A boulder beetle (D:13)
  Erolcha (D:9)
  12 hydras
  4 catoblepae
  7 death yaks (Lair:6)
  2 centaur warriors (D:13)
  3 two-headed ogres
  The ghost of Biujid the Transmogrifier, a novice VSTm of Qazlal (D:10)
  3 skeletal warriors (D:14)
  2 unseen horrors
  An orc knight (D:13)
  Pikel (D:9)
  2 bog bodies (Lair:3)
  6 elephants
  7 cyclopes
  5 ugly things
  2 manticores (Lair:6)
  Psyche (D:12)
  4 black mambas
  10 cane toads
  3 centaur skeletons
  8 rime drakes
  6 komodo dragons
  3 trolls
  3 polar bears
  5 dream sheep (Lair:5)
  51 yaks
  A spriggan (Lair:3)
  3 wraiths
  3 vampires
  12 wyverns
  A shadow (D:14)
  13 basilisks
  4 vampire mosquitoes (D:14)
  Menkaure (D:4)
  An acid dragon (D:12)
  A soldier ant (D:10)
  3 nagas (Lair:4)
  Duvessa (D:7)
  2 hell hounds (Lair:5)
  14 water moccasins
  8 black bears
  13 orc warriors
  A phantom (D:10)
  6 sky beasts
  17 ice beasts
  An eye of draining (D:13)
  3 necrophages
  4 ogres
  22 wolves
  26 centaurs
  3 big kobolds
  12 bullfrogs
  Dowan (D:7)
  6 scorpions
  3 killer bees (D:13)
  5 howler monkeys
  A quasit (D:11)
  11 jellies
  A bullfrog skeleton (D:12)
  4 hounds
  2 bullfrog zombies
  3 centaur zombies
  8 orc priests
  Ijyb (D:4)
  4 iguanas
  14 orc wizards
  10 worker ants
  6 hell rats (Lair:5)
  2 hound skeletons
  2 worker ant zombies (D:8)
  13 adders
  A gnoll (D:10)
  A shadow imp (D:7)
  4 ufetubi
  An adder zombie (D:8)
  12 oozes
  An adder skeleton (D:6)
  A worm (D:6)
  2 dart slugs
  6 leopard geckos
  57 orcs
  5 giant cockroaches
  10 hobgoblins
  29 jackals
  2 quokkas
  2 ball pythons
  8 bats
  5 frilled lizards
  2 gnoll zombies (D:3)
  8 goblins
  26 kobolds
  A quokka skeleton (D:4)
  8 rats
624 creatures vanquished.

Vanquished Creatures (collateral kills)
  4 wights (D:12)
  An orc wizard (D:12)
  An orc (D:7)
6 creatures vanquished.

Vanquished Creatures (others)
  An orc priest (D:12)
  7 orcs (D:13)
  56 fungi
  51 plants
115 creatures vanquished.

Grand Total: 745 creatures vanquished

Notes
Turn   | Place    | Note
-------+----------+-------------------------------------------
     0 | D:1      | teolandon225 the Spriggan Enchanter began the quest for the
                  | Orb.
     0 | D:1      | Reached XP level 1. HP: 9/9 MP: 5/5
   979 | D:1      | Reached XP level 2. HP: 13/13 MP: 4/6
   983 | D:1      | Learned a level 2 spell: Ensorcelled Hibernation
  1078 | D:1      | You fall into a shaft and drop 1 floor!
  1125 | D:2      | Reached skill level 5 in Stealth
  1490 | D:1      | Reached XP level 3. HP: 12/16 MP: 1/8
  2392 | D:2      | Learned a level 3 spell: Confusing Touch
  2994 | D:2      | Reached XP level 4. HP: 21/21 MP: 6/9
  3548 | D:3      | Reached skill level 6 in Stealth
  3584 | D:3      | Found a basalt altar of Yredelemnul.
  3783 | D:3      | Found a snail-covered altar of Cheibriados.
  4093 | D:3      | Found a runed translucent gate.
  4093 | D:3      | Found a runed translucent gate.
  4093 | D:3      | Found a runed translucent gate.
  4093 | D:3      | Noticed howech's ghost (amateur MiGl)
  4267 | D:3      | Found a glowing silver altar of Zin.
  4476 | D:3      | Found a blossoming altar of Fedhas.
  4659 | D:4      | Noticed Menkaure
  4680 | D:4      | Killed Menkaure
  4681 | D:4      | Reached skill level 7 in Stealth
  4681 | D:4      | Reached skill level 5 in Hexes
  4681 | D:4      | Reached XP level 5. HP: 21/24 MP: 7/10
  4737 | D:4      | Learned a level 3 spell: Tukima's Dance
  4813 | D:4      | Reached XP level 6. HP: 11/28 MP: 5/11
  5152 | D:4      | Found a hide-covered altar of Uskayaw.
  5193 | D:4      | Noticed Ijyb
  5219 | D:4      | Killed Ijyb
  5247 | D:4      | Reached skill level 5 in Dodging
  5692 | D:5      | Entered Level 5 of the Dungeon
  5929 | D:5      | Reached skill level 8 in Stealth
  6345 | D:5      | Noticed a sky beast
  6352 | D:5      | Killed a sky beast
  6353 | D:5      | Reached XP level 7. HP: 32/32 MP: 12/12
  6373 | D:5      | Reached skill level 1 in Evocations
  6559 | D:6      | Reached skill level 9 in Stealth
  7276 | D:6      | Found a sparkling altar of Nemelex Xobeh.
  7364 | D:6      | Found a radiant altar of Vehumet.
  7708 | D:6      | Reached XP level 8. HP: 36/36 MP: 10/13
  8434 | D:6      | Reached skill level 10 in Stealth
  8648 | D:6      | Noticed an oklob plant
  9676 | D:7      | Found a staircase to the Ecumenical Temple.
  9974 | D:6      | Reached skill level 11 in Stealth
 11088 | D:7      | Learned a level 3 spell: Dazzling Flash
 11105 | D:7      | Noticed Duvessa
 11105 | D:7      | Noticed Dowan
 11302 | D:7      | Found a bloodstained altar of Trog.
 11340 | D:7      | Reached XP level 9. HP: 37/39 MP: 6/14
 11424 | Temple   | Entered the Ecumenical Temple
 11472 | Temple   | Became a worshipper of Dithmenos the Shadowed
 11933 | D:7      | Killed Duvessa
 12029 | D:7      | Killed Dowan
 12331 | D:8      | Reached skill level 5 in Evocations
 12460 | D:8      | Reached skill level 12 in Stealth
 13004 | D:7      | Reached skill level 10 in Hexes
 13800 | D:8      | Reached skill level 13 in Stealth
 13806 | D:8      | Reached * piety under Dithmenos
 14236 | D:8      | Found a glowing golden altar of the Shining One.
 14648 | D:9      | Found Duriaq's Armour Boutique.
 14651 | D:9      | Found a staircase to the Orcish Mines.
 14653 | D:9      | Found Cuerhoc's Weapon Boutique.
 14864 | D:9      | Noticed Pikel
 14873 | D:9      | Killed Pikel
 14874 | D:9      | Reached XP level 10. HP: 44/44 MP: 10/15
 15036 | D:9      | Found an opulent altar of Gozag.
 15037 | D:9      | Found a blossoming altar of Fedhas.
 15134 | D:9      | Noticed Erolcha
 15137 | D:9      | Killed Erolcha
 15287 | D:10     | Entered Level 10 of the Dungeon
 15292 | D:10     | Reached skill level 14 in Stealth
 15771 | D:10     | Reached ** piety under Dithmenos
 16027 | D:10     | Found a runed translucent door.
 16027 | D:10     | Noticed a yaktaur captain
 16027 | D:10     | Noticed Biujid's ghost (novice VSTm)
 16050 | D:10     | Reached skill level 10 in Dodging
 16481 | D:10     | Killed Biujid's ghost
 16637 | D:10     | Got an ominously black robe
 16673 | D:10     | Identified the +1 robe "Ceddyg" {Str+6 Slay-5} (You found
                  | it on level 10 of the Dungeon)
 16738 | D:11     | Reached skill level 15 in Stealth
 17158 | D:11     | Reached *** piety under Dithmenos
 17564 | D:11     | You fall into a shaft and drop 3 floors!
 17600 | D:12     | Noticed Snorg
 17604 | D:12     | Noticed a two-headed ogre
 17629 | D:12     | Noticed a cyclops
 17638 | D:12     | Killed a cyclops
 17639 | D:12     | Reached XP level 11. HP: 40/47 MP: 16/16
 17772 | D:11     | Noticed a purple ugly thing
 17965 | D:11     | Found a staircase to the Lair.
 18490 | D:11     | HP: 2/47 [centaur/arrow (2)]
 18932 | D:11     | Killed a purple ugly thing
 19064 | D:11     | Reached skill level 10 in Evocations
 19428 | Lair:1   | Entered Level 1 of the Lair of Beasts
 19434 | Lair:1   | Noticed a four-headed hydra
 19442 | Lair:1   | Killed a four-headed hydra
 19443 | Lair:1   | Reached skill level 16 in Stealth
 19664 | Lair:1   | Reached **** piety under Dithmenos
 20692 | Lair:2   | Learned a level 2 spell: Blink
 20695 | Lair:2   | Noticed an eight-headed hydra
 20702 | Lair:2   | Killed an eight-headed hydra
 21046 | Lair:2   | Reached skill level 17 in Stealth
 21089 | Lair:2   | Reached XP level 12. HP: 51/51 MP: 11/17
 21943 | Lair:3   | Found a staircase to the Swamp.
 22930 | Lair:3   | Reached skill level 1 in Shields
 23216 | Lair:4   | Noticed a catoblepas
 23223 | Lair:4   | Killed a catoblepas
 23680 | Lair:4   | Found a staircase to the Snake Pit.
 23826 | Lair:4   | Reached ***** piety under Dithmenos
 23957 | Lair:4   | Reached skill level 5 in Shields
 25361 | Lair:5   | Found a runed translucent door.
 25361 | Lair:5   | Found a shimmering altar of Xom.
 25361 | Lair:5   | Identified the cursed +1 broad axe "Orb Guardian's Doom"
                  | {chaos, rPois rF++ rC+++ Str-3}
 25361 | Lair:5   | Noticed Sweeb's ghost (journeyman DsGl)
 25371 | Lair:5   | Found a frozen archway.
 25379 | IceCv    | Entered an ice cave
 25393 | IceCv    | Reached XP level 13. HP: 55/55 MP: 12/18
 26680 | IceCv    | Reached skill level 1 in Invocations
 26693 | IceCv    | Reached skill level 1 in Fighting
 27853 | Lair:5   | You fall into a shaft and drop 1 floor!
 27853 | Lair:6   | Entered Level 6 of the Lair of Beasts
 28321 | Lair:5   | Learned a level 1 spell: Apportation
 28685 | Lair:5   | Reached skill level 1 in Translocations
 30021 | Lair:5   | Reached skill level 5 in Invocations
 30881 | Lair:6   | Found a viscous altar of Jiyva.
 30881 | Lair:6   | Found a staircase to the Slime Pits.
 31152 | Lair:6   | Reached XP level 14. HP: 62/65 MP: 19/19
 31165 | Lair:6   | Reached ****** piety under Dithmenos
 31166 | Lair:6   | Reached skill level 5 in Translocations
 31360 | Lair:6   | HP: 2/61 [manticore (12)]
 33098 | D:12     | Killed Snorg
 33921 | D:12     | Noticed Psyche
 33928 | D:12     | Killed Psyche
 35150 | D:13     | Noticed Frances
 35159 | D:13     | Killed Frances
 35160 | D:13     | Reached skill level 5 in Fighting
 35323 | D:13     | Got a shimmering dagger
 35536 | D:13     | Identified the cursed +1 dagger "Sagaiceo" {flame, rC+
                  | Str+4 Stlth+} (You found it on level 13 of the Dungeon)
 36210 | D:14     | Noticed Agnes
 36220 | D:14     | Killed Agnes
 36500 | D:14     | Reached XP level 15. HP: 64/72 MP: 5/22
 36503 | D:14     | Reached skill level 1 in Staves
 36858 | D:14     | Slain by a red ugly thing

Illustrated notes

Levels and vault maps discovered:
D:1:      dpeg_arrival_renting, layout_basic, hangedman_decor_points
D:2:      layout_loops_ring, chequers_serial_rivers_micro_c
D:3:      layout_basic, marbit_many_paths, cheibriados_altar_2,
          lemuel_zombie_altar_yredelemnul, gammafunk_ghost_necromancy,
          kennysheep_big_empty_room, fedhas_altar_3
D:4:      layout_loops_ring, lemuel_crystal_altar, corexii_checkpoint_b,
          uniq_menkaure, uniq_ijyb
D:5:      layout_loops_ring, hex_medium
D:6:      lemuel_slime, layout_cave_pools, nemelex_xobeh_ov_fountains_minmay,
          vehumet_crystals, minmay_starry_boxes
D:7:      layout_rooms, trog_ov_bears_minmay, minmay_temple_entry_ruins,
          uniq_duvessa
D:8:      minmay_four_partial_circles, layout_basic, kennysheep_little_box
D:9:      layout_basic, gammafunk_temple_overflow_statue, orc_david_3,
          minmay_door_square, uniq_erolcha, uniq_pikel
D:10:     layout_loops_ring, ebering_ghost_inner_flame,
          kennysheep_generic_room_6
D:11:     layout_irregular_city, grunt_lair_entry_orc_guard_hut, minivault_4,
          wad_floor_pattern_2, chequers_serial_rivers_micro_b
D:12:     layout_basic, uniq_psyche, uniq_snorg
D:13:     layout_long_grid, special_room [special_room_orc], uniq_frances
D:14:     layout_basic, grunt_vaults_entry_fortified, uniq_agnes
Temple:   minmay_temple_bridge_abc
Lair:1:   layout_loops_ring, chequers_serial_rivers_small_b, grunt_megastairs_1
Lair:2:   layout_chaotic_city, columned_hall_lemuel
Lair:3:   layout_chaotic_city, skrybe_swamp_entry_bodies, minmay_lindwurm_lava
Lair:4:   layout_long_grid, minmay_snake_entry_guardpost_small,
          grunt_forest_stairs_clearing
Lair:5:   layout_long_grid, portal_ice_cave_rime, special_room
          [special_room_mythical_zoo], ebering_ghost_xom
Lair:6:   evilmike_catoblepas_cave, layout_regular_city, slime_altar_1,
          grunt_megastairs_5, serial_bayou_shore_b

Skill      XL: |  1  2  3  4  5  6  7  8  9 10 11 12 13 14 15 |
---------------+----------------------------------------------+-----
Hexes          | 4 5 6 7 9 10 11 12 13 14 | 14.5
Stealth        | 5 7 8 9 11 13 15 17 | 17.5
Dodging        | 4 5 6 7 9 10 11 12 13 14 | 14.6
Evocations     | 2 4 6 9 11 12 | 12.1
Shields        | 6 7 |  7.2
Invocations    | 6 9 |  9.4
Fighting       | 3 5 |  5.6
Translocations | 4 8 |  8.1
Staves         | 2 |  2.1
Short Blades   | |  1.1
Spellcasting   | |  2.6

Action                   |  1- 3 |  4- 6 |  7- 9 | 10-12 | 13-15 || total
-------------------------+-------+-------+-------+-------+-------++-------
Melee: Dagger            |   110 |   164 |   217 |   434 |   670 ||  1595
 Cast: Corona            |     5 |       |       |       |       ||     5
       Ensorcelled Hiber |    36 |    31 |   160 |   162 |   191 ||   580
       Confusing Touch   |       |     4 |     8 |    25 |    34 ||    71
       Tukima's Dance    |       |       |     1 |     3 |     4 ||     8
       Dazzling Flash    |       |       |       |    20 |    26 ||    46
       Blink             |       |       |       |       |     1 ||     1
Invok: Shadow Step       |       |       |       |     1 |     1 ||     2
 Abil: Evoke Invisibilit |       |       |       |       |     7 ||     7
Evoke: Wand              |       |       |       |       |     1 ||     1
  Use: Scroll            |       |    18 |     2 |    11 |     5 ||    36
       Potion            |       |       |       |     5 |     5 ||    10
 Stab: Sleeping          |    35 |    33 |    95 |   142 |   184 ||   489
       Confused          |       |     5 |     8 |    20 |    32 ||    65
       Distracted        |       |     1 |     1 |     2 |     3 ||     7
       Invisible         |       |       |       |    13 |    32 ||    45
       Petrified         |       |       |       |       |     2 ||     2
Armor: Robe              |     4 |    12 |     6 |    15 |    15 ||    52
Dodge: Dodged            |    98 |   126 |   197 |   497 |   561 ||  1479
Block: Other             |       |       |     2 |    86 |       ||    88
       Reflection        |       |       |     1 |     6 |     4 ||    11
       Buckler           |       |       |       |   101 |   364 ||   465
